 Dungeon Crawl Stone Soup version 0.16.0-16-g311141a (webtiles) character file.

854 Sorcv the Covert (level 8, -4/41 HPs)
             Began as a Kobold Enchanter on Mar 19, 2015.
             Was an Initiate of Ashenzari.
             Slain by Prince Ribbit (19 damage)
             ... on level 5 of the Dungeon.
             The game lasted 00:14:21 (2840 turns).

Sorcv the Covert (Kobold Enchanter)                 Turns: 2840, Time: 00:14:21

Health: -4/41      AC:  5    Str:  7    XL:     8   Next: 21%
Magic:  3/13       EV: 17    Int: 13    God:    Ashenzari [......]
Gold:   173        SH:  0    Dex: 18    Spells: 3 memorised, 5 levels left

rFire  . . .     SeeInvis .     a - +1 dagger
rCold  . . .     Clarity  .     b - +1 robe
rNeg   . . .     SustAb   .     (no shield)
rPois  .         Gourm    .     q - +0 helmet
rElec  .         Spirit   .     (no cloak)
rCorr  .         Warding  .     m - +0 pair of gloves
rMut   .         Stasis   .     (no boots)
MR     .....                    l - amulet of regeneration (curse)
Stlth  +++++.....               (no ring)
                                (no ring)

@: very slightly contaminated, not resistant to hostile enchantments, quite
stealthy
A: carnivore 3
a: Renounce Religion


You were on level 5 of the Dungeon.
You worshipped Ashenzari.
Ashenzari was noncommittal.
You were not hungry.

You visited 2 branches of the dungeon, and saw 7 of its levels.

You collected 173 gold pieces.

Inventory:

Hand weapons
 a - a +1 dagger (weapon)
Armour
 b - a +1 robe (worn)
 m - a +0 pair of gloves (worn)
 q - a +0 helmet (worn)
Jewellery
 l - a cursed amulet of regeneration (around neck)
Magical devices
 f - a wand of draining (8)
Scrolls
 e - 2 scrolls of remove curse
 g - 4 scrolls of teleportation
 i - 2 scrolls of identify
 k - 2 scrolls of recharging
Potions
 j - a potion of cancellation
 n - 2 potions of might
 o - a potion of agility
 r - a potion of restore abilities
Books
 c - a book of Maledictions

   Spells                             Type                      Level
   a - Corona                         Hexes                        1
   b - Sure Blade                     Hexes/Charms                 2
   c - Ensorcelled Hibernation        Hexes/Ice                    2
   d - Confuse                        Hexes                        3
   e - Dazzling Spray                 Conjuration/Hexes            3
   f - Enslavement                    Hexes                        4
Comestibles
 d - 2 meat rations
 h - 4 beef jerkies


   Skills:
 - Level 1.3 Short Blades
 + Level 3.9 Dodging
 * Level 10.6 Stealth
 - Level 2.0 Spellcasting
 - Level 5.2 Hexes
 - Level 1.0 Ice Magic


You had 5 spell levels left.
You knew the following spells:

 Your Spells              Type           Power        Failure   Level  Hunger
a - Corona                Hex            ###....      3%          1    ##.....
b - Ensorcelled Hibernat  Hex/Ice        #.....       12%         2    ###....
c - Confuse               Hex            ###.....     12%         3    ####...


Dungeon Overview and Level Annotations

Branches:
Dungeon (6/15)             Temple (1/1) D:6

Altars:
Ashenzari
Okawaru
Sif Muna
Trog
Yredelemnul

Shops:
D:5 (   D:6 ?

Annotations:
D:2 Sigmund
D:5 Blork the orc, Prince Ribbit


Innate Abilities, Weirdness & Mutations

You are small and have problems with some larger weapons.
You are carnivorous and can eat meat at any time.


Message History

Prince Ribbit seems less confused.
Prince Ribbit completely misses you. Prince Ribbit completely misses you.
Casting: Confuse
Confirm with . or Enter, or press ? or * to list all spells.
Aiming: Confuse
Press: ? - help, Shift-Dir - straight line, f/p - Prince Ribbit
Aim: Prince Ribbit (lightly wounded, chance 28%)
You miscast Confuse.
You are very lightly contaminated with residual magic.
The light around you dims momentarily. Prince Ribbit hits you!
Casting: Confuse
Confirm with . or Enter, or press ? or * to list all spells.
Aiming: Confuse
Press: ? - help, Shift-Dir - straight line, f/p - Prince Ribbit
Aim: Prince Ribbit (lightly wounded, chance 28%) Prince Ribbit appears confused.
Prince Ribbit closely misses you.
You hit Prince Ribbit!
Prince Ribbit is moderately wounded.
Prince Ribbit hits you!!
You die...

#.# #.# # #.#
#.# # #.# #.# #
#.# #.# # #.#
#.# # #.# #.# #
#.# #.######## #
#.#####........#
##
#...F@...#####.#
#. ########.#
#.# #. #.# #.#
#. #.# #.# ##
#.# #.# #####
#.# #........
#.. .........
### ######### #


You could see Prince Ribbit (confused).

Vanquished Creatures
  Eustachio (D:4)
  3 ogres
  A scorpion (D:4)
  A giant frog zombie (D:6)
  3 hounds
  A gnoll shaman (D:5)
  A worker ant (D:6)
  Ijyb (D:4)
  Terence (D:3)
  8 gnolls
  4 adders
  A giant mite (D:5)
  3 worms
  2 giant geckos
  2 oozes
  5 orcs
  4 bats
  A bat skeleton (D:5)
  12 goblins
  7 hobgoblins
  4 jackals (D:2)
  7 kobolds
  3 giant newts
  A quokka (D:3)
  9 rats
86 creatures vanquished.

Notes
Turn   | Place    | Note
--------------------------------------------------------------
     0 | D:1      | Sorcv, the Kobold Enchanter, began the quest for the Orb.
     0 | D:1      | Reached XP level 1. HP: 10/10 MP: 3/3
   138 | D:1      | Reached XP level 2. HP: 10/15 MP: 4/4
   489 | D:2      | Reached skill level 5 in Stealth
   489 | D:2      | Reached XP level 3. HP: 10/19 MP: 4/6
   531 | D:1      | Learned a level 2 spell: Ensorcelled Hibernation
   535 | D:1      | Learned a level 3 spell: Confuse
   824 | D:2      | Reached XP level 4. HP: 17/24 MP: 0/7
   910 | D:2      | Noticed Sigmund
  1038 | D:3      | Found an iron altar of Okawaru.
  1094 | D:3      | Found a basalt altar of Yredelemnul.
  1199 | D:3      | Reached skill level 1 in Ice Magic
  1209 | D:3      | Noticed Terence
  1217 | D:3      | Killed Terence
  1217 | D:3      | Reached skill level 6 in Stealth
  1305 | D:3      | Found a bloodstained altar of Trog.
  1722 | D:4      | Noticed Eustachio
  1732 | D:4      | Killed Eustachio
  1732 | D:4      | Reached skill level 7 in Stealth
  1732 | D:4      | Reached XP level 5. HP: 28/28 MP: 5/9
  1732 | D:4      | Reached XP level 6. HP: 32/32 MP: 5/10
  1774 | D:4      | Noticed a phantom
  1812 | D:4      | Noticed an ogre
  1833 | D:3      | Reached skill level 8 in Stealth
  1967 | D:4      | Noticed Ijyb
  1981 | D:4      | Killed Ijyb
  1984 | D:4      | Found a shattered altar of Ashenzari.
  1987 | D:4      | Became a worshipper of Ashenzari the Shackled
  2090 | D:4      | Noticed an ogre
  2138 | D:4      | Killed an ogre
  2138 | D:4      | Reached XP level 7. HP: 23/36 MP: 0/12
  2181 | D:4      | Found a deep blue altar of Sif Muna.
  2239 | D:4      | Reached skill level 5 in Hexes
  2244 | D:4      | Reached skill level 9 in Stealth
  2387 | D:5      | Entered Level 5 of the Dungeon
  2392 | D:5      | Found Waxian's Antique Weapon Shop.
  2436 | D:5      | Noticed Prince Ribbit
  2533 | D:4      | Killed an ogre
  2688 | D:5      | Reached skill level 10 in Stealth
  2718 | D:5      | Reached XP level 8. HP: 10/41 MP: 4/13
  2719 | D:5      | Noticed Blork the orc
  2727 | D:6      | Found Gug Par's Magic Scroll Shoppe.
  2743 | D:6      | Found a staircase to the Ecumenical Temple.
  2752 | Temple   | Entered the Ecumenical Temple
  2840 | D:5      | Slain by Prince Ribbit

Action                   |  1- 3 |  4- 6 |  7- 9 || total
-------------------------+-------+-------+-------++-------
Melee: Dagger            |    79 |   116 |    67 ||   262
 Cast: Corona            |     1 |       |       ||     1
       Ensorcelled Hiber |     6 |     8 |    19 ||    33
       Confuse           |       |    13 |     8 ||    21
Evoke: Wand              |       |       |     1 ||     1
  Use: Potion            |     3 |     4 |       ||     7
       Scroll            |       |       |     7 ||     7
 Stab: Sleeping          |     6 |     8 |    17 ||    31
       Distracted        |     1 |       |       ||     1
       Confused          |       |     3 |     2 ||     5
  Eat: Chunk             |     3 |     2 |    10 ||    15
       Royal jelly       |       |     1 |       ||     1
